 Dungeon Crawl Stone Soup version 0.25.1-2-g60ff931df9 (webtiles) character file.

Game seed: 10898330535175758561

251 miscerius the Shield-Bearer (level 6, -2/53 HPs)
             Began as a Hill Orc Fighter on Sept 28, 2020.
             Was an Initiate of Okawaru.
             Slain by weresquid's ghost (8 damage)
             ... on level 3 of the Dungeon.
             The game lasted 00:22:14 (2458 turns).

miscerius the Shield-Bearer (Hill Orc Fighter)      Turns: 2458, Time: 00:22:14

Health: -2/53      AC: 11    Str: 18 (21) XL:     6   Next: 13%
Magic:  6/6        EV:  3    Int:  6 (8)  God:    Okawaru [......]
Gold:   135        SH: 14    Dex:  9 (10) Spells: 5/5 levels left

rFire    . . .     SeeInvis .   a - +1 war axe
rCold    . . .     Gourm    .   A - +0 tower shield
rNeg     . . .     Faith    +   p - +1 chain mail
rPois    +         Spirit   .   (no helmet)
rElec    .         Reflect  .   B - scarf {harm}
rCorr    .         Harm     +   (no gloves)
MR       .....                  n - +0 pair of boots
Stlth    ..........             C - amulet of faith
HPRegen  0.17/turn              r - ring of poison resistance
MPRegen  0.10/turn              (no ring)

@: mighty, about to teleport, very slow
A: no striking features
a: Renounce Religion


You were on level 3 of the Dungeon.
You worshipped Okawaru.
Okawaru was noncommittal.
You were not hungry.

You visited 1 branch of the dungeon, and saw 3 of its levels.

You collected 135 gold pieces.

Inventory:

Hand Weapons
 a - a +1 war axe (weapon)
 m - a +0 club
 s - a +1 vampiric short sword
 F - a +0 shortbow
Missiles
 h - 77 bolts
 q - 12 poisoned darts (quivered)
 t - 2 datura-tipped darts
 u - 48 arrows
Armour
 b - a +0 scale mail
 c - a +0 kite shield
 n - a +0 pair of boots (worn)
 p - a +1 chain mail (worn)
 A - a +0 tower shield (worn)
 B - a scarf of harm (worn)
 E - a +0 cloak
Jewellery
 r - a ring of poison resistance (left hand)
 C - an amulet of faith (around neck)
Scrolls
 e - a scroll of enchant armour
 g - a scroll of magic mapping
 i - 5 scrolls of identify
 k - 5 scrolls of enchant weapon
 v - a scroll of noise {unknown}
 y - 2 scrolls of remove curse
 D - a scroll of amnesia {unknown}
 G - a scroll of fear {unknown}
Potions
 d - a potion of might
 l - a potion of flight {unknown}
 o - a potion of heal wounds {unknown}
 w - 2 potions of cancellation
 x - 2 potions of stabbing {unknown}
Comestibles
 f - 5 rations


   Skills:
 + Level 4.4 Fighting
 + Level 5.0 Axes
 + Level 4.3 Armour
 + Level 0.5 Dodging
 + Level 5.1 Shields


You had 5 spell levels left.
You didn't know any spells.
Your spell library was empty.

Dungeon Overview and Level Annotations

Branches:
Dungeon (3/15)

Altars:
Ashenzari
Nemelex Xobeh
Okawaru
Uskayaw
Vehumet

Annotations:
D:3 weresquid's ghost, amateur GrGl


Message History

Weresquid's ghost hits you but does no damage.
There is an open translucent door, spattered with blood here.
You enter the shallow water.
Moving in this stuff is going to be slow.
There isn't anything here!
As you read the scroll labeled POUTTUNOLE, it crumbles to dust.
You feel blessed for a moment.
It was a scroll of remove curse.
Weresquid's ghost hits you but does no damage.
You block weresquid's ghost's attack.
As you read the scroll labeled BICZUS CIUTWE, it crumbles to dust.
You feel aware of your surroundings.
It was a scroll of magic mapping.
You block weresquid's ghost's attack.
As you read the scroll labeled AHYPAV ZEUFOE, it crumbles to dust.
It is a scroll of enchant armour.
Your +0 chain mail glows green for a moment.
You block weresquid's ghost's attack.
As you read the scroll labeled VIREWE GIEHOSS, it crumbles to dust.
You feel strangely unstable.
It was a scroll of teleportation.
Weresquid's ghost hits you!
You die...

######'#.....####
#.#.#.......
#[###.#....###
#.#.#....### #.#
#.####...####.#.#..[....
#)# #.#
###.W......#...#### #.#
#.# ###..#####.......
#.# #.# ###.# #.#.####
#.# #.# ##...#
###+#.#... #.#
#.########..# #.........
#.# #.#≈:≈≈@W'.##
#.....>... #.#
#.########.# #.........
#.# #.# #....#
#......... #### #.###.#
#...## #.........
...###.....# #...#
#......... ##..######.#
###...#####.......##
.##..# #.#
#.................##
..##.#####.#
#.#...##############
...#.......# #.#(..# #


You could see weresquid's ghost.

Vanquished Creatures
  Jessica (D:3)
  Natasha (thrice) (D:3)
  7 adders
  An ooze (D:3)
  3 worms
  A dart slug (D:1)
  3 leopard geckos
  4 giant cockroaches
  10 goblins
  9 hobgoblins
  10 jackals
  7 kobolds
  4 bats
  4 frilled lizards
  4 rats
71 creatures vanquished.

Vanquished Creatures (others)
  A goblin (D:2)
1 creature vanquished.

Grand Total: 72 creatures vanquished

Notes
Turn   | Place    | Note
-------+----------+-------------------------------------------
     0 | D:1      | miscerius the Hill Orc Fighter began the quest for the Orb.
     0 | D:1      | Reached XP level 1. HP: 19/19 MP: 1/1
   185 | D:1      | Reached XP level 2. HP: 19/27 MP: 2/2
   337 | D:1      | Reached XP level 3. HP: 24/33 MP: 3/3
   678 | D:2      | Found a radiant altar of Vehumet.
   817 | D:2      | Found a sparkling altar of Nemelex Xobeh.
   900 | D:2      | Reached XP level 4. HP: 37/40 MP: 4/4
   986 | D:2      | Found a hide-covered altar of Uskayaw.
  1409 | D:2      | You fall into a shaft and drop 1 floor!
  1419 | D:3      | Noticed Natasha
  1421 | D:3      | Found an iron altar of Okawaru.
  1439 | D:3      | Killed Natasha
  1601 | D:3      | Became a worshipper of Warmaster Okawaru
  1669 | D:3      | Noticed Jessica
  1673 | D:3      | Reached XP level 5. HP: 46/46 MP: 5/5
  1699 | D:3      | Killed Jessica
  1707 | D:3      | Noticed Natasha
  1723 | D:3      | Killed Natasha
  1929 | D:3      | Noticed Natasha
  1959 | D:3      | Killed Natasha
  1980 | D:3      | Reached XP level 6. HP: 32/53 MP: 6/6
  2095 | D:3      | Found a shattered altar of Ashenzari.
  2263 | D:3      | Reached skill level 5 in Shields
  2267 | D:3      | Reached skill level 5 in Axes
  2362 | D:3      | Found a runed translucent door.
  2371 | D:3      | Noticed weresquid's ghost (amateur GrGl)
  2458 | D:3      | Slain by weresquid's ghost

Illustrated notes

Levels and vault maps discovered:
D:1:      dpeg_arrival_short_road, layout_rooms
D:2:      layout_loops_ring, eat_drink_and_be_merry_uskayaw,
          lemuel_crystal_altar, fiery_altar_vehumet
D:3:      minmay_general_purpose_star, layout_basic, old_standard_altar,
          lemuel_round_altar, ebering_ghost_sewer_d, uniq_jessica, uniq_natasha

Skill      XL: |  1  2  3  4  5  6 |
---------------+-------------------+-----
Axes           | 3 4 5 |  5.0
Fighting       | 4 |  4.4
Shields        | 4 5 |  5.1
Armour         | 4 |  4.3
Dodging        | |  0.5

Action                   |  1- 3 |  4- 6 || total
-------------------------+-------+-------++-------
Melee: War axe           |   117 |   191 ||   308
       Short sword       |       |    10 ||    10
  Use: Potion            |       |     6 ||     6
       Scroll            |       |     6 ||     6
  Eat: Ration            |       |     2 ||     2
Armor: Scale mail        |    48 |       ||    48
       Chain mail        |    23 |   105 ||   128
Dodge: Dodged            |    35 |    20 ||    55
Block: Kite shield       |    69 |     3 ||    72
       Tower shield      |       |   199 ||   199
